 Dungeon Crawl Stone Soup version 0.23-a0-143-g1adec7bb76 (webtiles) character file.

210395 Napalmbreeze the Executioner (level 18, -10/176 (178) HPs)
             Began as a Minotaur Berserker on Sept 2, 2018.
             Was the Champion of Trog.
             Blown up by an orb spider (32 damage)
             ... with an orb of destruction
             ... on level 4 of the Spider Nest.
             The game lasted 01:12:53 (34640 turns).

Napalmbreeze the Executioner (Minotaur Berserker)  Turns: 34640, Time: 01:12:53

HP:   -10/176 (178) AC: 44    Str: 24    XL:     18   Next: 18%
MP:   8/8           EV: 10    Int:  5    God:    Trog [******]
Gold: 1476          SH:  0    Dex: 17    Spells: 17/17 levels left

rFire    + . .     SeeInvis +   o - +6 battleaxe (antimagic)
rCold    + . .     Gourm    .   (shield currently unavailable)
rNeg     . . .     Faith    .   a - +13 plate armour of Paranoia {rElec Int-2 SInv Stlth+}
rPois    +         Spirit   .   y - +0 mask of the Dragon {MR+ Slay+3 SInv}
rElec    +         Reflect  .   G - +2 cloak {+Inv}
rCorr    .         Harm     .   s - +0 pair of gloves
MR       ++++.     Clarity  +   i - +2 pair of boots of the Flute {rC+}
Stlth    ..........             S - amulet of regeneration
HPRegen  1.79/turn              Y - ring of Lonesyd {*Drain MP+9 AC+3 Dex+4}
MPRegen  0.11/turn              Q - ring of protection from fire

@: berserk cooldown, held, regenerating, slowed, very slow
A: retaliatory headbutt, horns 2, repulsion field 1, clarity, poison resistance
}: 1/15 runes: decaying
a: Berserk, Trog's Hand, Brothers in Arms, Renounce Religion, Evoke Invisibility


You were on level 4 of the Spider Nest.
You worshipped Trog.
Trog was exalted by your worship.
You were near starving.

You visited 5 branches of the dungeon, and saw 31 of its levels.
You visited the Abyss 1 time.
You also visited: Labyrinth and Ice Cave.

You collected 3411 gold pieces.
You spent 1935 gold pieces at shops.

Inventory:

Hand Weapons
 o - a +6 antimagic battleaxe (weapon)
 M - a +2 battleaxe of flaming
 T - a +3 executioner's axe of draining
Armour
 a - the +13 plate armour of Paranoia (worn) {rElec Int-2 SInv Stlth+}
   (You bought it in a shop on level 5 of the Dungeon)

   It affects your intelligence (-2).
   It insulates you from electricity.
   It lets you see invisible.
   It makes you more stealthy.
 i - the +2 pair of boots of the Flute (worn) {rC+}
   (You found it on level 2 of the Abyss)

   It protects you from cold.
 s - a +0 pair of gloves (worn)
 y - the +0 mask of the Dragon (worn) {MR+ Slay+3 SInv}
   (You bought it in a shop on level 2 of the Orcish Mines)

   It affects your accuracy and damage with ranged weapons and melee attacks
   (+3).
   It affects your resistance to hostile enchantments.
   It lets you see invisible.
 G - a +2 cloak of invisibility (worn)
 J - the +1 plate armour of Aleih {rN+ Int+4}
   (You acquired it on level 12 of the Dungeon)

   It affects your intelligence (+4).
   It protects you from negative energy.
Jewellery
 k - an uncursed ring of protection from cold
 v - an uncursed ring of flight
 x - an uncursed ring of protection from cold
 D - an uncursed amulet of rage {unknown}
 F - a +2 ring of protection
 H - an uncursed ring of positive energy {unknown}
 K - an uncursed ring of protection from fire
 Q - a ring of protection from fire (right hand)
 S - an amulet of regeneration (around neck)
 V - the ring "Punumaf" {*Tele *Slow rF++ MP+9 Str+4}
   (You found it on level 3 of the Lair of Beasts)

   [ring of teleportation]

   It may teleport you next to monsters.
   It affects your strength (+4).
   It greatly protects you from fire.
   It affects your magic capacity (+9).
   It may slow you when you take damage.
 Y - the ring of Lonesyd (left hand) {*Drain MP+9 AC+3 Dex+4}
   (You found it in an ice cave)

   [ring of protection]

   It affects your AC (+3).
   It affects your dexterity (+4).
   It affects your magic capacity (+9).
   It causes draining when unequipped.
Wands
 n - a wand of acid (10)
 p - a wand of digging (41)
 w - a wand of polymorph (13)
 A - a wand of enslavement (16)
Scrolls
 d - 19 scrolls of teleportation
 e - a scroll of holy word
 j - 9 scrolls of identify
 m - 6 scrolls of blinking
 q - 6 scrolls of enchant armour
 t - 7 scrolls of enchant weapon
 z - 8 scrolls of remove curse
 B - 4 scrolls of fog
 C - 3 scrolls of summoning
 E - 4 scrolls of magic mapping
 I - a scroll of torment {unknown}
 L - 4 scrolls of fear
 P - a scroll of silence {unknown}
Potions
 b - a potion of might
 f - 7 potions of mutation
 g - 8 potions of flight
 h - 7 potions of agility
 l - 16 potions of curing
 r - 8 potions of haste
 u - 2 potions of heal wounds
 N - 2 potions of resistance
 O - 2 potions of cancellation {unknown}
Comestibles
 c - 53 rations


   Skills:
 + Level 20.1 Fighting
 + Level 21.3 Axes
 * Level 19.3 Armour
 + Level 16.5 Dodging


You had 17 spell levels left.
You didn't know any spells.
Your spell library was empty.

Dungeon Overview and Level Annotations

Branches:
Dungeon (15/15) Temple (0/1) D:6 Lair (6/6) D:8 Swamp (4/4) Lair:4 Spider (4/4) Lair:3 Slime (0/5) Lair:5 Orc (2/2) D:12 Elf (0/3) Orc:2 Vaults (0/5) D:13 D:14 Depths (0/5) D:15

Altars:
Cheibriados
Dithmenos
Hepliaklqana
Nemelex Xobeh
Ru
Xom
Yredelemnul
The Shining One
Beogh
Jiyva

Shops:
D:5 ?[   D:12 }   Orc:2 [:%}


Innate Abilities, Weirdness & Mutations

You reflexively headbutt those who attack you in melee.
You have a pair of horns on your head.
You are surrounded by a mild repulsion field. (EV +2)
You possess an exceptional clarity of mind.
Your system is resistant to poisons. (rPois)


Message History

Okay, then.
Your skin crawls.
You feel resistant to hostile enchantments.
You feel somewhat more hungry.
The orb spider begins to weave its threads into a brightly glowing ball.
The redback bites you but does no damage.
The orb of destruction hits you!
* * * LOW HITPOINT WARNING * * *
The redback bites you but does no damage.
You struggle to detach yourself from the web.
The redback bites you but does no damage. x2
You struggle to detach yourself from the web.
The redback bites you but does no damage.
The orb spider weaves a glowing orb of energy.
The redback bites you but does no damage.
An orb of destruction comes into view.
You struggle to detach yourself from the web.
The redback bites you but does no damage.
The orb of destruction hits you!
You die...

#### #..# ## #..# .≈###
#..## .≈≈## # #...# ...≈#
### ###...# ##.≈.≈## .^#
##### #†....###≈##^.≈#
.####...#####....''.^##..≈#
##.#....#.......@s'.†≈...≈#
#^...[..........§''.)...≈##
#...#.†..###^...§###....≈##
##...#.##...#...s# ##≈..^.#
#.#.^.#.#.##....# ##≈^.≈# #
#.......##...## ###.≈#
###......##..# ≈.≈# #
##.....##..# ≈.^## #
#....†.#### ≈...#


You could see an orb spider and a redback.

Vanquished Creatures
  Nikola (Swamp:4)
  Arachne (Spider:3)
  A lich (Abyss:2)
  A tentacled monstrosity (Swamp:4)
  A tentacled starspawn (Abyss:2)
  5 thorn hunters
  A ghost moth (Spider:2)
  A fire giant (D:15)
  3 emperor scorpions
  3 entropy weavers
  Nessos (D:12)
  2 spark wasps
  5 dire elephants (Lair:6)
  A minotaur (Lab)
  Snorg (D:14)
  A merfolk impaler (D:14)
  26 hydras
  Harold (Lair:2)
  A ghost crab (Swamp:1)
  A quicksilver dragon skeleton (Abyss:2)
  An anaconda (Lair:6)
  A merfolk avatar (D:14)
  14 alligators
  4 centaur warriors
  2 two-headed ogres (D:14)
  7 orc high priests (Orc:2)
  Urug (D:11)
  6 thrashing horrors (Abyss:2)
  Sonja (Lair:3)
  Nergalle (Lair:3)
  A wretched star (Abyss:2)
  2 spriggan druids (Swamp:4)
  A sea snake (shapeshifter) (D:13)
  2 orc knights
  12 swamp dragons
  3 shambling mangroves
  3 cyclopes
  3 oklob plants
  22 orb spiders
  3 orc sorcerers
  4 ugly things
  31 wolf spiders
  A deep elf mage (D:13)
  2 manticores
  Joseph (D:7)
  A moth of wrath (Spider:4)
  2 ice statues (IceCv)
  A worldbinder (Abyss:2)
  7 black mambas
  Maurice (D:8)
  8 elephants
  An apocalypse crab (Abyss:2)
  Psyche (D:8)
  A gargoyle (D:14)
  A torpor snail (Spider:2)
  19 spiny frogs
  6 centaur skeletons
  4 kobold demonologists (D:13)
  7 komodo dragons
  2 rime drakes
  9 demonic crawlers
  3 yaktaurs (D:15)
  2 ice devils (D:12)
  A freezing wraith (D:13)
  An ancient zyme (Abyss:2)
  3 meliai (D:15)
  11 trolls
  8 tyrant leeches
  A polar bear (Lair:5)
  23 jumping spiders
  A merfolk (D:13)
  11 hornets
  Prince Ribbit (Lair:3)
  11 blink frogs
  21 slime creatures
  11 dream sheep (Lair:4)
  12 hippogriffs
  4 bog bodies
  A meliai zombie (D:10)
  4 large abominations (Abyss:2)
  A shadow (D:14)
  Eustachio (D:4)
  A wraith (D:14)
  6 wyverns
  29 yaks
  64 redbacks
  31 tarantellas
  A ynoxinul (Abyss:2)
  16 humans
  4 basilisks
  Grum (D:8)
  2 hungry ghosts
  2 neqoxecs (Abyss:2)
  A chaos spawn (Abyss:2)
  21 vampire mosquitoes
  15 swamp worms
  9 wargs
  29 insubstantial wisps
  3 hell hounds (Abyss:2)
  16 water moccasins
  4 porcupines
  A black bear (D:7)
  15 orc warriors
  13 swamp drakes
  2 necrophages
  13 ice beasts
  3 sky beasts
  6 phantoms
  3 wolves (D:8)
  13 ogres
  6 centaurs
  11 crocodiles
  3 big kobolds (D:13)
  19 bullfrogs
  A gnoll sergeant (D:11)
  4 scorpions
  A small abomination (Abyss:2)
  2 troll zombies (D:12)
  5 killer bees (D:8)
  An oklob sapling (Swamp:2)
  6 electric eels
  13 wights
  5 howler monkeys
  11 crimson imps
  2 quasits
  4 gnoll shamans (D:3)
  An iron imp (D:7)
  4 centaur zombies
  3 jellies
  3 bullfrog skeletons
  33 orc priests
  7 hounds
  19 orc wizards
  Crazy Yiuf (D:7)
  Jessica (D:2)
  7 iguanas
  9 worker ants
  A killer bee zombie (D:10)
  6 ogre zombies (D:12)
  A hound zombie (D:7)
  2 howler monkey zombies (D:5)
  50 gnolls
  9 adders
  A white imp (Abyss:2)
  An ufetubus (Abyss:2)
  An adder zombie (D:7)
  2 dart slugs
  5 leopard geckos
  73 orcs
  4 bats
  8 giant cockroaches
  7 goblins
  2 hobgoblins (D:3)
  31 jackals
  3 quokkas
  3 ball pythons
  3 frilled lizards
  2 goblin zombies (D:12)
  A hobgoblin skeleton (D:12)
  3 hobgoblin zombies (D:12)
  4 kobolds
  A leopard gecko skeleton (D:5)
  2 leopard gecko zombies
  3 orc skeletons (D:12)
  16 orc zombies (D:12)
  A quokka skeleton (D:4)
  5 rats
  A spectral orc (D:5)
  4 briar patches (Swamp:2)
  6 fungi
  3 plants (Lair:6)
  A starspawn tentacle (Abyss:2)
1162 creatures vanquished.

Vanquished Creatures (collateral kills)
  Louise (D:14)
  A slime creature (D:8)
  Pikel (D:8)
  2 oklob plants (Lair:3)
  A wraith (Abyss:2)
  A sky beast (D:14)
  A wolf (D:8)
8 creatures vanquished.

Vanquished Creatures (others)
  A slave (D:8)
  An orc priest (D:8)
  An orc wizard (D:8)
  An adder skeleton (D:8)
  An orc (D:8)
  18 fungi
  7 plants
  2 starspawn tentacles (Abyss:2)
32 creatures vanquished.

Grand Total: 1202 creatures vanquished

Notes
Turn   | Place    | Note
-------+----------+-------------------------------------------
     0 | D:1      | Napalmbreeze the Minotaur Berserker began the quest for the
                  | Orb.
     0 | D:1      | Reached XP level 1. HP: 19/19 MP: 0/0
   111 | D:1      | Reached XP level 2. HP: 26/27 MP: 1/1
   337 | D:1      | Reached skill level 4 in Axes
   934 | D:2      | Reached XP level 3. HP: 33/33 MP: 2/2
  1137 | D:2      | Found a hazy altar of Hepliaklqana.
  1232 | D:2      | Found a glowing golden altar of the Shining One.
  1320 | D:2      | Noticed Jessica
  1343 | D:2      | Killed Jessica
  1351 | D:2      | Reached ** piety under Trog
  1351 | D:2      | Reached XP level 4. HP: 40/40 MP: 3/3
  1887 | D:3      | Reached skill level 5 in Axes
  1977 | D:3      | Reached XP level 5. HP: 47/47 MP: 4/4
  2073 | D:3      | Noticed a phantom
  2096 | D:3      | Killed a phantom
  2301 | D:3      | Reached XP level 6. HP: 47/55 MP: 5/5
  2335 | D:3      | Found a sacrificial altar of Ru.
  2346 | D:3      | Reached skill level 6 in Axes
  2378 | D:3      | Reached *** piety under Trog
  2443 | D:3      | Reached skill level 5 in Fighting
  2871 | D:3      | Reached XP level 7. HP: 32/61 MP: 6/6
  3087 | D:3      | Reached skill level 7 in Axes
  3290 | D:3      | Reached skill level 5 in Armour
  3305 | D:3      | Reached **** piety under Trog
  3645 | D:3      | Received a gift from Trog
  3914 | D:4      | Reached skill level 5 in Dodging
  3914 | D:4      | Reached XP level 8. HP: 70/70 MP: 7/7
  3942 | D:4      | Reached skill level 8 in Axes
  4067 | D:4      | Noticed Eustachio
  4079 | D:4      | Killed Eustachio
  4750 | D:5      | Entered Level 5 of the Dungeon
  4757 | D:5      | Reached skill level 9 in Axes
  5064 | D:5      | Found Habacria's Magic Scroll Boutique.
  5135 | D:5      | Reached XP level 9. HP: 47/79 MP: 8/8
  5360 | D:5      | Found Timus's Armour Boutique.
  5613 | D:5      | Found a basalt altar of Yredelemnul.
  5904 | D:6      | Reached skill level 10 in Axes
  5937 | D:6      | Found a staircase to the Ecumenical Temple.
  5970 | D:6      | Reached ***** piety under Trog
  5972 | D:6      | Received a gift from Trog
  6050 | D:6      | Found a shimmering altar of Xom.
  6264 | D:7      | Found a shadowy altar of Dithmenos.
  6304 | D:7      | Noticed Joseph
  6311 | D:7      | Killed Joseph
  6684 | D:7      | Found a snail-covered altar of Cheibriados.
  6742 | D:7      | You fall through a shaft for 2 floors!
  6810 | D:9      | Noticed a troll
  6817 | D:9      | Killed a troll
  6915 | D:9      | Noticed a troll
  6924 | D:9      | Killed a troll
  6924 | D:9      | Reached skill level 11 in Axes
  7593 | D:9      | You fall through a shaft for 2 floors!
  7630 | D:11     | Reached XP level 10. HP: 80/90 MP: 9/9
  8025 | D:10     | Entered Level 10 of the Dungeon
  8062 | D:10     | Reached skill level 12 in Axes
  8352 | D:9      | Received a gift from Trog
  8430 | D:8      | Noticed Pikel
  8433 | D:8      | Noticed Maurice
  8440 | D:8      | Killed Pikel
  8443 | D:8      | Killed Maurice
  8496 | D:8      | Found a staircase to the Lair.
  8496 | D:8      | Noticed an elephant
  8512 | D:8      | Killed an elephant
  9222 | D:7      | Found a runed door.
  9392 | D:7      | Reached XP level 11. HP: 88/99 MP: 10/10
  9392 | D:7      | Received a gift from Trog
  9563 | D:7      | Noticed Crazy Yiuf
  9568 | D:7      | Killed Crazy Yiuf
  9659 | D:8      | Noticed Psyche
  9673 | D:8      | Killed Psyche
  9673 | D:8      | Reached skill level 13 in Axes
 10001 | D:8      | Found a sparkling altar of Nemelex Xobeh.
 10136 | D:8      | Reached skill level 10 in Fighting
 10190 | D:8      | Found a viscous altar of Jiyva.
 10193 | D:8      | Noticed Grum
 10384 | D:8      | Found a transporter.
 10592 | D:8      | Found a transporter.
 10601 | D:8      | Killed Grum
 11489 | D:10     | Reached skill level 10 in Armour
 11498 | D:10     | Received a gift from Trog
 12340 | Lair:1   | Entered Level 1 of the Lair of Beasts
 12343 | Lair:1   | Noticed a five-headed hydra
 12352 | Lair:1   | Killed a two-headed hydra
 12468 | Lair:1   | Found a labyrinth entrance.
 12483 | Lab      | Entered a labyrinth
 13279 | Lab      | Noticed a minotaur
 13295 | Lab      | Killed a minotaur
 13301 | Lab      | Identified Casaa's Catalogue of the Glacier and Shape
                  | Shifting
 13698 | Lair:1   | Reached skill level 14 in Axes
 13729 | Lair:1   | Reached XP level 12. HP: 100/110 MP: 11/11
 13765 | Lair:1   | Reached skill level 10 in Dodging
 14490 | Lair:2   | Noticed Harold
 14508 | Lair:2   | Killed Harold
 14894 | Lair:3   | Found a hole to the Spider Nest.
 15132 | Lair:3   | Noticed Nergalle
 15145 | Lair:3   | Killed Nergalle
 15265 | Lair:3   | Noticed Prince Ribbit
 15394 | Lair:3   | Killed Prince Ribbit
 15397 | Lair:3   | Noticed Sonja
 15413 | Lair:3   | Killed Sonja
 15765 | Lair:3   | Got a bound brass ring
 15769 | Lair:3   | Identified the ring "Punumaf" {*Tele *Slow rF++ MP+9 Str+4}
                  | (You found it on level 3 of the Lair of Beasts)
 16183 | Lair:4   | Reached XP level 13. HP: 118/118 MP: 12/12
 16470 | D:5      | Bought the +13 plate armour of Paranoia {rElec Int-2 SInv
                  | Stlth+} for 1034 gold pieces
 16678 | Lair:4   | Reached skill level 15 in Axes
 16928 | Lair:4   | Found a staircase to the Swamp.
 17025 | Lair:4   | Found a glowing golden altar of the Shining One.
 17966 | Lair:5   | Found a staircase to the Slime Pits.
 18135 | Lair:6   | Entered Level 6 of the Lair of Beasts
 18400 | Lair:6   | Found the +3 giant club "Skullcrusher" {speed, Str+7}
 18459 | Lair:6   | Reached skill level 15 in Armour
 18991 | Lair:6   | Noticed a dire elephant
 19006 | Lair:6   | Killed a dire elephant
 19179 | Lair:6   | Noticed a dire elephant
 19179 | Lair:6   | Noticed a dire elephant
 19187 | Lair:6   | Killed a dire elephant
 19192 | Lair:6   | Killed a dire elephant
 19283 | Lair:6   | Noticed a dire elephant
 19283 | Lair:6   | Noticed a dire elephant
 19291 | Lair:6   | Killed a dire elephant
 19301 | Lair:6   | Killed a dire elephant
 19480 | Lair:6   | Received a gift from Trog
 19480 | Lair:6   | Reached XP level 14. HP: 117/129 MP: 13/13
 19821 | D:11     | Noticed Urug
 19827 | D:11     | Killed Urug
 20562 | D:12     | Found a frozen archway.
 20582 | IceCv    | Entered an ice cave
 20593 | IceCv    | Found a transporter.
 20628 | IceCv    | Found a transporter.
 20644 | IceCv    | Got a coiled jade ring
 20674 | IceCv    | Identified the ring of Lonesyd {*Drain MP+9 AC+3 Dex+4}
                  | (You found it in an ice cave)
 20724 | D:12     | Noticed Nessos
 20739 | D:12     | Killed Nessos
 20937 | D:12     | Found a staircase to the Orcish Mines.
 20955 | D:12     | Reached skill level 16 in Axes
 21010 | D:12     | Found Kerum's Gadget Emporium.
 21106 | D:12     | Identified a scroll of acquirement
 21107 | D:12     | Got a pitted plate armour
 21118 | D:12     | Identified the +1 plate armour of Aleih {rN+ Int+4} (You
                  | acquired it on level 12 of the Dungeon)
 21136 | D:12     | Gained mutation: You possess an exceptional clarity of
                  | mind. [potion of mutation]
 21136 | D:12     | Gained mutation: Your system is resistant to poisons.
                  | (rPois) [potion of mutation]
 21136 | D:12     | Gained mutation: You are surrounded by a mild repulsion
                  | field. (EV +2) [potion of mutation]
 21464 | D:13     | Received a gift from Trog
 21544 | D:13     | Reached skill level 15 in Fighting
 22273 | D:14     | Found a gate to the Vaults.
 22659 | D:14     | Received a gift from Trog
 22671 | D:14     | Found a runed door.
 22679 | D:14     | Noticed Louise
 22692 | D:14     | Cast into level 2 of the Abyss (Louise)
 22712 | Abyss:2  | Got a pair of heavily runed boots
 22722 | Abyss:2  | Found a corrupted altar of Lugonu.
 22802 | Abyss:2  | Noticed a tentacled starspawn
 22810 | Abyss:2  | Killed a tentacled starspawn
 22826 | Abyss:2  | Noticed a lich
 22833 | Abyss:2  | Killed a lich
 22883 | Abyss:2  | Lost intelligence.
 22923 | Abyss:2  | Reached XP level 15. HP: 96/147 MP: 7/14
 22930 | Abyss:2  | HP: 1/220 [thrashing horror (17)]
 22956 | D:14     | Escaped the Abyss
 22963 | D:14     | Killed Louise
 23254 | D:14     | Noticed Snorg
 23267 | D:14     | Killed Snorg
 23481 | D:14     | Identified the +2 pair of boots of the Flute {rC+} (You
                  | found it on level 2 of the Abyss)
 23602 | D:14     | Found a runed warning-scrawled door.
 23699 | D:14     | Found a runed door.
 23875 | D:15     | Entered Level 15 of the Dungeon
 24245 | D:15     | Reached skill level 17 in Axes
 24368 | D:15     | Found a staircase to the Depths.
 24368 | D:15     | Noticed a fire giant
 24465 | D:15     | Killed a fire giant
 24648 | Orc:1    | Entered Level 1 of the Orcish Mines
 24654 | Orc:1    | Received a gift from Trog
 24991 | Orc:2    | Entered Level 2 of the Orcish Mines
 25330 | Orc:2    | Found a roughly hewn altar of Beogh.
 25681 | Orc:2    | Found a staircase to the Elven Halls.
 25809 | Orc:2    | Found Datal's Antique Armour Shop.
 25822 | Orc:2    | Found Nugydgh's Book Shoppe.
 25965 | Orc:2    | Found Siucuram's Food Shop.
 25972 | Orc:2    | Reached ****** piety under Trog
 25990 | Orc:2    | Found Jaojaimoemp's Gadget Shoppe.
 26063 | Orc:2    | Bought the +0 mask of the Dragon {MR+ Slay+3 SInv} for 901
                  | gold pieces
 26063 | Orc:2    | Found the +0 mask of the Dragon {MR+ Slay+3 SInv}
 26356 | Swamp:1  | Entered Level 1 of the Swamp
 27071 | Swamp:1  | Reached XP level 16. HP: 158/160 MP: 8/15
 27128 | Swamp:1  | Received a gift from Trog
 27601 | Swamp:2  | Noticed a thorn hunter
 27604 | Swamp:2  | Noticed a thorn hunter
 27611 | Swamp:2  | Killed a thorn hunter
 27616 | Swamp:2  | Killed a thorn hunter
 27727 | Swamp:2  | Noticed a thorn hunter
 27741 | Swamp:2  | Killed a thorn hunter
 27741 | Swamp:2  | Reached skill level 18 in Axes
 28609 | Swamp:3  | Noticed a thorn hunter
 28620 | Swamp:3  | Killed a thorn hunter
 29312 | Swamp:4  | Entered Level 4 of the Swamp
 29443 | Swamp:4  | Received a gift from Trog
 29522 | Swamp:4  | Reached skill level 15 in Dodging
 29531 | Swamp:4  | Reached skill level 19 in Axes
 29532 | Swamp:4  | Noticed a thorn hunter
 29570 | Swamp:3  | Killed a thorn hunter
 30275 | Swamp:4  | Noticed a tentacled monstrosity
 30281 | Swamp:4  | Reached XP level 17. HP: 161/168 MP: 16/16
 30288 | Swamp:4  | Killed a tentacled monstrosity
 30316 | Swamp:4  | Noticed Nikola
 30341 | Swamp:4  | Killed Nikola
 30613 | Swamp:4  | Got a decaying rune of Zot
 30863 | Spider:1 | Entered Level 1 of the Spider Nest
 30990 | Spider:1 | Received a gift from Trog
 31470 | Spider:2 | Reached skill level 20 in Axes
 33004 | Spider:3 | Received a gift from Trog
 33098 | Spider:3 | Noticed Arachne
 33107 | Spider:3 | Killed Arachne
 33316 | Spider:3 | Reached skill level 21 in Axes
 33658 | Spider:3 | Reached XP level 18. HP: 176/176 MP: 8/17
 34172 | Spider:4 | Entered Level 4 of the Spider Nest
 34569 | Spider:4 | Received a gift from Trog
 34640 | Spider:4 | Blown up by an orb spider

Vault maps used:
D:1:      elethiomel_arrival_shortcut
D:2:      nicolae_tso_carved_into_rock, lemuel_coloured_pillars_altar,
          st_stairs_14, minmay_misc_feat_four_crosses, uniq_jessica
D:3:      lemuel_castle_with_subvaults, nicolae_ru_great_annihilating_truth
D:4:      kennysheep_generic_room_2, uniq_eustachio
D:5:      yredelemnul_forgotten_temple_becter, serial_shops, shop,
          kennysheep_mini, first_ration
D:6:      minmay_temple_entry_overgrown, basic_altar
D:7:      slow_altar_1, basic_altar, uniq_crazy_yiuf_cottage, uniq_joseph
D:8:      gammafunk_jiyva_shrine, overflow_temple_1_default, david_lair_generic,
          uniq_maurice, uniq_psyche, uniq_grum, uniq_pikel
D:10:     nicolae_lava_and_water
D:11:     uniq_urug
D:12:     zombieorc2_lemuel, portal_ice_cave_demonic_guard, serial_shops,
          nicolae_shop_temple_entry_statues_fountains, uniq_nessos
D:13:     hangedman_stone_soup
D:14:     david_vaults_3, mikee_hates_you, uniq_louise, uniq_snorg
D:15:     grunt_enter_depths_giant_problem, serial_park_tiny_1
Lair:1:   lab_entry_generic
Lair:2:   st_stairs_9, nicolae_quartered_pool_little, uniq_harold
Lair:3:   dummy_spider_entry, beast_lair_carwin_8, minmay_lair_oklob_chamber,
          lemuel_fruit_tree, uniq_sonja, uniq_nergalle, uniq_prince_ribbit2
Lair:4:   minmay_swamp_entry_eels, basic_altar, lemuel_fruit_fields,
          grunt_megastairs_4
Lair:5:   dpeg_slime_entry_corner
Lair:6:   due_jungle_book, serial_bayou_shore_a, grunt_megastairs_1,
          lemuel_fruit_fields
Swamp:1:  evilmike_swamp_ruin_house_1
Swamp:2:  nicolae_swamp_phyte_club, serial_swamp_ruin, evilmike_swamp_ruin_wall,
          evilmike_swamp_ruin_house_5, evilmike_swamp_ruin_rubble_2
Swamp:3:  infiniplex_staircase_pool, lightli_tree_ring
Swamp:4:  swamp, uniq_nikola
Spider:1: nicolae_spider_circle_web
Spider:3: uniq_arachne
Spider:4: spider_rune_water
Orc:1:    cheibrodos_orc_guarddog, basic_altar, special_room, led_sif_book
Orc:2:    st_orc_town
Lab:      labyrinth_watery, labyrinth_skeletal_remains, lab_hedge
IceCv:    ice_cave_statue_garden_transporter

Skill      XL: |  1  2  3  4  5  6  7  8  9 10 11 12 13 14 15 16 17 |
---------------+----------------------------------------------------+-----
Axes           | 4 5 6 7 9 11 12 14 15 16 17 19 21 | 21.3
Fighting       | 4 5 6 7 8 9 11 12 13 17 20 | 20.1
Armour         | 3 4 5 6 8 9 11 13 15 16 17 18 19 | 19.3
Dodging        | 3 4 5 6 7 8 9 11 12 13 14 15 16 | 16.5

Action                   |  1- 3 |  4- 6 |  7- 9 | 10-12 | 13-15 | 16-18 || total
-------------------------+-------+-------+-------+-------+-------+-------++-------
Melee: Hand axe          |    36 |   140 |   284 |   222 |       |       ||   682
       Headbutt          |     6 |    26 |    71 |   132 |   230 |   212 ||   677
       Battleaxe         |       |       |       |   279 |   241 |   458 ||   978
       Unarmed           |       |       |       |     4 |       |       ||     4
       Executioner's axe |       |       |       |       |   698 |   403 ||  1101
Invok: Berserk           |       |     2 |     7 |     9 |     8 |     7 ||    33
       Trog's Hand       |       |       |     2 |     6 |     5 |     6 ||    19
       Brothers in Arms  |       |       |       |     4 |     3 |       ||     7
  Use: Scroll            |       |     2 |     3 |    11 |    12 |     1 ||    29
       Potion            |       |       |       |       |    11 |       ||    11
 Stab: Paralysed         |       |     3 |       |       |     3 |       ||     6
       Distracted        |       |       |       |       |     2 |       ||     2
       Confused          |       |       |       |       |     1 |     2 ||     3
  Eat: Chunk             |     1 |     7 |    18 |    22 |    11 |     9 ||    68
       Ration            |       |       |     1 |     6 |    11 |     7 ||    25
Armor: Animal skin       |     1 |     2 |       |       |       |       ||     3
       Chain mail        |       |    79 |    39 |       |       |       ||   118
       Scale mail        |       |       |    39 |    44 |       |       ||    83
       Plate armour      |       |       |       |   274 |   992 |   762 ||  2028
Dodge: Dodged            |    18 |    81 |   160 |   290 |  1091 |  1059 ||  2699

Table legend:
 A = Non-vault XP
 B = Vault XP
 C = Vault XP percentage of total XP
 D = Non-vault monster count
 E = Vault monster count
 F = Vault count percentage of total count
                 A         B        C        D         E       F
            +---------+---------+-------+---------+---------+-------
      Total |  220904 |   85084 |  27.8 |     861 |     295 |  25.5
            +---------+---------+-------+---------+---------+-------
        D:1 |      17 |       0 |   0.0 |      11 |       0 |   0.0
        D:2 |      48 |      38 |  44.2 |      13 |       2 |  13.3
        D:3 |     443 |     863 |  66.1 |      35 |      59 |  62.8
        D:4 |     521 |     217 |  29.4 |      19 |       1 |   5.0
        D:5 |    1018 |       1 |   0.1 |      24 |       1 |   4.0
        D:6 |     410 |       0 |   0.0 |      11 |       0 |   0.0
        D:7 |     756 |     576 |  43.2 |      19 |       3 |  13.6
        D:8 |    2486 |    3036 |  55.0 |      27 |      13 |  32.5
        D:9 |    1540 |       0 |   0.0 |      15 |       0 |   0.0
       D:10 |    3802 |       0 |   0.0 |      32 |       0 |   0.0
       D:11 |    3209 |     839 |  20.7 |      29 |       1 |   3.3
       D:12 |    1331 |    2726 |  67.2 |       5 |      39 |  88.6
       D:13 |    7289 |    3083 |  29.7 |      36 |      12 |  25.0
       D:14 |   10241 |    8002 |  43.9 |      34 |      16 |  32.0
       D:15 |    5912 |    1657 |  21.9 |      23 |       1 |   4.2
     Lair:1 |    4089 |       0 |   0.0 |      18 |       0 |   0.0
     Lair:2 |    3899 |    1569 |  28.7 |      17 |       3 |  15.0
     Lair:3 |    4353 |    5491 |  55.8 |      23 |      16 |  41.0
     Lair:4 |    8445 |     211 |   2.4 |      28 |       3 |   9.7
     Lair:5 |    2575 |       0 |   0.0 |      12 |       0 |   0.0
     Lair:6 |   12892 |    3588 |  21.8 |      28 |       7 |  20.0
    Swamp:1 |   14076 |       0 |   0.0 |      35 |       0 |   0.0
    Swamp:2 |   10148 |    8124 |  44.5 |      33 |       7 |  17.5
    Swamp:3 |   10411 |    4636 |  30.8 |      30 |       4 |  11.8
    Swamp:4 |   18515 |   18457 |  49.9 |      39 |      24 |  38.1
   Spider:1 |   11204 |       0 |   0.0 |      30 |       0 |   0.0
   Spider:2 |   24636 |       0 |   0.0 |      57 |       0 |   0.0
   Spider:3 |   25374 |    3522 |  12.2 |      70 |       1 |   1.4
   Spider:4 |    9972 |    5397 |  35.1 |      26 |      13 |  33.3
      Orc:1 |    1958 |     647 |  24.8 |      21 |       4 |  16.0
      Orc:2 |    4298 |    7470 |  63.5 |      35 |      52 |  59.8
    Abyss:2 |   15036 |     905 |   5.7 |      26 |       2 |   7.1
        Lab |       0 |    1246 | 100.0 |       0 |       1 | 100.0
      IceCv |       0 |    2783 | 100.0 |       0 |      10 | 100.0
            +---------+---------+-------+---------+---------+-------
